 Dungeon Crawl Stone Soup version 0.18-a0-125-g4c9da24 (webtiles) character file.

16 Proton the Skirmisher (level 2, 0/19 HPs)
             Began as a Gargoyle Fighter on Nov 21, 2015.
             Slain by a giant newt (1 damage)
             ... on level 1 of the Dungeon.
             The game lasted 00:00:57 (664 turns).

Proton the Skirmisher (Gargoyle Fighter)             Turns: 664, Time: 00:00:58

Health: 0/19       AC:  9    Str: 19    XL:     2   Next: 58%
Magic:  2/2        EV:  7    Int:  8    God:
Gold:   45         SH:  9    Dex:  9    Spells: 0 memorised, 1 level left

rFire  . . .     SeeInvis .     g - -1 whip (curse)
rCold  . . .     Clarity  .     b - +0 scale mail
rNeg   + . .     SustAt   .     c - +0 shield
rPois  ∞         Gourm    .     (no helmet)
rElec  +         Spirit   .     (no cloak)
rCorr  .         Warding  .     (no gloves)
rMut   .         Stasis   .     (no boots)
MR     .....                    (no amulet)
Stlth  ..........               (no ring)
                                (no ring)

@: not resistant to hostile enchantments, extremely unstealthy
A: negative energy resistance 1, electricity resistance, unbreathing,
petrification resistance, rot immunity, AC +2
a: no special abilities


You were on level 1 of the Dungeon.
You were not hungry.

You visited 1 branch of the dungeon, and saw 2 of its levels.

You collected 45 gold pieces.

Inventory:

Hand Weapons
 a - a +0 flail
 g - a cursed -1 whip (weapon)
Armour
 b - a +0 scale mail (worn)
 c - a +0 shield (worn)
Scrolls
 f - 2 scrolls of identify {unknown}
 h - a scroll of magic mapping {unknown}
 i - a scroll of enchant armour {unknown}
 j - 3 scrolls of remove curse {unknown}
 m - a scroll of amnesia {unknown}
 n - a scroll of enchant weapon {unknown}
 o - a scroll of fog {unknown}
Potions
 d - a potion of might
 k - a potion of flight {unknown}
 l - 2 potions of curing {unknown}
Comestibles
 e - a bread ration


   Skills:
 + Level 3.4 Fighting
 + Level 2.2 Maces & Flails
 + Level 3.4 Armour
 + Level 0.7 Dodging
 + Level 3.4 Shields


You had one spell level left.
You didn't know any spells.

Dungeon Overview and Level Annotations

Branches:
Dungeon (2/15)

Altars:
Nemelex Xobeh


Innate Abilities, Weirdness & Mutations

You are resistant to torment.
Your stone body is resilient (AC +2).
You are immune to poison.
You resist negative energy.
You are resistant to electric shocks.
You can survive without breathing.
You are immune to petrification.
You are immune to rotting.


Message History

There is a stone staircase leading down here.
You are too injured to fight recklessly!
You are too injured to fight recklessly!
You are too injured to fight recklessly!
You are too injured to fight recklessly!
You are too injured to fight recklessly!
You are too injured to fight recklessly!
You are too injured to fight recklessly!
You are too injured to fight recklessly!
You closely miss the rat. The kobold hits you but does no damage.
You block the rat's attack. You block the giant newt's attack.
You hit the rat but do no damage. You block the rat's attack.
You block the giant newt's attack.
You barely miss the rat. The kobold closely misses you.
You block the rat's attack. The giant newt bites you.
* * * LOW HITPOINT WARNING * * *
You closely miss the rat. The kobold hits you with a short sword.
* * * LOW HITPOINT WARNING * * *
The rat closely misses you. The giant newt bites you.
You die...

######.# #.# ##.....#
#.# ##.....#####.#
##.....#...#.#
.......#.#.#.#
.......#.#.#.#
..####.#.#.#.#
..####.#.#.#.######
...............r@l#
######.#...#.#.##K##
.......###.#.#.##..#
##########.#.#.###.##
# #.......#.#.# #..#
#
#.......#.#.####'###
#
#.......#.#.##.....#
#
#.......#.#.##.....#
#
######.##.#..#.....#


You could see a kobold, a giant newt and a rat.

Vanquished Creatures
  3 bats (D:1)
  A giant cockroach (D:1)
  3 goblins
  2 hobgoblins
  3 giant newts (D:1)
  3 kobolds
  A rat (D:1)
16 creatures vanquished.

Notes
Turn   | Place    | Note
--------------------------------------------------------------
     0 | D:1      | Proton the Gargoyle Fighter began the quest for the Orb.
     0 | D:1      | Reached XP level 1. HP: 14/14 MP: 1/1
   213 | D:1      | Reached XP level 2. HP: 19/19 MP: 2/2
   522 | D:1      | Found a sparkling altar of Nemelex Xobeh.
   664 | D:1      | Slain by a giant newt

Vault maps used:
D:1:      erik_arrival_blinker_ship, kennysheep_minor_cross,
          nemelex_xobeh_ov_fountains_minmay

Action                   || total
-------------------------++-------
Melee: Whip              ||    88
       Flail             ||     8
